 Dungeon Crawl Stone Soup version 0.29-a0-857-g9b1aa3ac5b (webtiles) character file.

Game seed: 14392837095703624904

331 xian the Shooter (level 6, -3/29 (32) HPs)
             Began as a Spriggan Hunter on July 16, 2022.
             Slain by Edmund
             ... wielding a +2 dire flail of draining
              (12 damage)
             ... on level 3 of the Dungeon.
             The game lasted 00:10:06 (3056 turns).

xian the Shooter (Spriggan Hunter)                  Turns: 3056, Time: 00:10:07

HP:   -3/29 (32)    AC:  3    Str:  7    XL:     6   Next: 26%
MP:   7/7           EV: 18    Int: 11    God:
Gold: 147           SH:  0    Dex: 20    Spells: 5/5 levels left

rFire   . . .      SeeInvis +   a - +0 shortbow
rCold   . . .      Faith    .   (shield currently unavailable)
rNeg    . . .      Spirit   .   c - +0 robe
rPois   .          Reflect  .   (helmet restricted)
rElec   .          Harm     .   g - +0 cloak
rCorr   .          Rampage  .   (gloves unavailable)
Will    +....                   (boots unavailable)
Stlth   ++........              (no amulet)
HPRegen 0.09/turn               b - ring of flight
MPRegen 0.10/turn               (no ring)

@: flying, drained, very quick
A: very small, no large weapons, unfitting armour, see invisible, speed 3
a: no special abilities


You were on level 3 of the Dungeon.
You visited 1 branch of the dungeon, and saw 4 of its levels.

You collected 222 gold pieces.
You spent 75 gold pieces at shops.

Inventory:

Hand Weapons
 a - a +0 shortbow (weapon)
 m - a +3 quarterstaff of chaos
Armour
 c - a +0 robe (worn)
 g - a +0 cloak (worn)
Jewellery
 b - a ring of flight (left hand)
Wands
 r - a wand of mindburst (20)
Scrolls
 h - a scroll of torment
 j - a scroll of fog
 l - 4 scrolls of teleportation
 n - a scroll of enchant weapon {unknown}
 o - a scroll of identify
 p - a scroll of amnesia {unknown}
 q - a scroll of silence {unknown}
Potions
 d - a potion of resistance
 e - 2 potions of curing {unknown}
 f - 2 potions of ambrosia {unknown}
 i - 2 potions of attraction {unknown}
 k - a potion of might {unknown}


   Skills:
 + Level 3.0 Fighting
 + Level 6.7 Ranged Weapons
 + Level 3.0 Dodging
 + Level 2.2 Stealth


You had 5 spell levels left.
You didn't know any spells.
Your spell library contained the following spells:

 Spells                   Type           Power      Damage    Failure   Level
 Necrotise                Necr           0%         1d4       34%         1
 Vampiric Draining        Necr           0%         2d6       71%         3
 Animate Dead             Necr           0%         N/A       98%         4
 Agony                    Necr           0%         N/A       100%        5
 Borgnjor's Vile Clutch   Necr/Erth      0%         N/A       100%        5
 Death Channel            Necr           0%         N/A       100%        6


Dungeon Overview and Level Annotations

Branches:
Dungeon (4/15)
 Temple: D:4-7

Altars:
Trog
Uskayaw
The Shining One

Shops:
D:2 *

Annotations:
D:3 Edmund


Innate Abilities, Weirdness & Mutations

You are very small and have problems with some larger weapons.
You are too small for most types of armour.
You have supernaturally acute eyesight. (SInv)
You cover ground extremely quickly. (Speed+++)


Message History

You kill the endoplasm!
No target in view!
You now have 147 gold pieces (gained 13).
Found a stone staircase leading up.
Edmund the Younger comes into view.
He is wielding a +2 dire flail of draining.
You shoot an arrow. The arrow completely misses Edmund.
Edmund shouts!
Edmund says, "I might not be good at magic, but I can still kill you!"
Edmund hits you with a +2 dire flail of draining.
You feel drained.
Edmund says, "A flail is better than a scythe, any day of the week!"
Edmund gestures with his flail.
You shoot an arrow. The arrow hits Edmund.
Edmund is lightly wounded.
You shoot an arrow. The arrow hits Edmund!
Edmund is moderately wounded.
You shoot an arrow. The arrow hits Edmund.
Edmund is moderately wounded.
Found a stone staircase leading up.
You shoot an arrow. The arrow hits Edmund!
Edmund is heavily wounded.
You shoot an arrow. The arrow hits Edmund!
Edmund is severely wounded.
You shoot an arrow. The arrow barely misses Edmund.
Edmund completely misses you.
There is a stone staircase leading up here.
Edmund hits you with a +2 dire flail of draining!
You feel drained.
You fly upwards.
There is a stone staircase leading down here.
Edmund says, "People think my brother is the best.
I think he's crazy."
You are too injured to fight recklessly!
Fire: a) +0 shortbow
Press: ? - help, Q - select action, (/) - cycle Shift-Dir - straight line, f - Edmund
Aim: Edmund, wielding a +2 dire flail of draining and wearing a +0 leather armour (severely wounded, 66% to hit)
You shoot an arrow.
The arrow hits Edmund but does no damage.
Edmund is severely wounded.
Edmund hits you with a +2 dire flail of draining!
You die...

###.#####.# #....
#######.#####.###...#
#...#⌠#.#⌠#..........
#..>#.....#....###.#.
#...#.._..#...####...
#...#.....#..........
#...#######..........
#...@.>).##..........
#...@..<.##..........
#####..####.........#
##..# ###########
##..# ##########
##...# #.........
#..#.# #.##......
######.##.#
#....####.
##...##.##.#####...#
##.
##.....#.##.......#.#
#..


You could see Edmund.

Vanquished Creatures
  A scorpion (D:3)
  Crazy Yiuf (D:2)
  Terence (D:1)
  2 orc wizards (D:4)
  Natasha (thrice) (D:2)
  3 adders
  3 worms
  2 dart slugs
  3 orcs
  2 ball pythons
  8 endoplasms
  A giant cockroach (D:2)
  9 goblins
  5 hobgoblins
  2 quokkas
  3 bats
  5 frilled lizards
  2 kobolds
  10 rats
66 creatures vanquished.

Vanquished Creatures (others)
  A fungus (D:2)
1 creature vanquished.

Grand Total: 67 creatures vanquished

Notes
Turn   | Place    | Note
-------+----------+-------------------------------------------
     0 | D:1      | xian the Spriggan Hunter began the quest for the Orb.
     0 | D:1      | Reached XP level 1. HP: 10/10 MP: 2/2
   296 | D:1      | Reached XP level 2. HP: 15/15 MP: 3/3
   416 | D:1      | Found a faded altar of an unknown god.
   713 | D:2      | Noticed Terence
   745 | D:1      | Killed Terence
   746 | D:1      | Reached XP level 3. HP: 6/18 MP: 4/4
   971 | D:1      | Reached skill level 5 in Ranged Weapons
  1115 | D:2      | Noticed Natasha
  1120 | D:2      | Killed Natasha
  1121 | D:2      | Reached XP level 4. HP: 23/23 MP: 5/5
  1228 | D:2      | Found Bessafukiw's Assorted Antiques.
  1293 | D:2      | Bought a scroll labelled DEGUMA PESKUTU for 26 gold pieces
  1293 | D:2      | Bought a scroll labelled SIOTHAISYNK for 26 gold pieces
  1363 | D:2      | Noticed Natasha
  1387 | D:2      | Killed Natasha
  1397 | D:2      | Noticed Natasha
  1586 | D:2      | Killed Natasha
  1613 | D:2      | Reached XP level 5. HP: 27/27 MP: 6/6
  1736 | D:2      | Bought a fuming coppery potion for 23 gold pieces
  1797 | D:2      | Found a runed translucent door.
  1798 | D:2      | Noticed Crazy Yiuf
  1834 | D:2      | Killed Crazy Yiuf
  1835 | D:2      | Reached skill level 6 in Ranged Weapons
  2441 | D:3      | Found a hide-covered altar of Uskayaw.
  2539 | D:3      | Found a bloodstained altar of Trog.
  2638 | D:4      | Reached XP level 6. HP: 32/32 MP: 7/7
  2901 | D:4      | Found a glowing golden altar of the Shining One.
  3018 | D:4      | Noticed Edmund
  3056 | D:3      | Slain by Edmund

Illustrated notes

Levels and vault maps discovered:
D:1:      amcnicky_arrival_flooded_fountain, layout_basic,
          chequers_ecumenical_altar_twisty, minmay_door_square
D:2:      layout_rooms, serial_shops, nicolae_shop_hallway_plus,
          chequers_avenue, uniq_terence, uniq_crazy_yiuf_cottage, uniq_natasha
D:3:      layout_rooms, mainiacjoe_overflow_alcove_2,
          lemuel_coloured_pillars_altar
D:4:      layout_loops_ring, mainiacjoe_overflow_paths, serial_shops,
          kennysheep_mini, uniq_edmund

Skill      XL: |  1  2  3  4  5  6 |
---------------+-------------------+-----
Fighting       | 2 3 |  3.0
Ranged Weapons | 5 6 |  6.7
Stealth        | 2 |  2.2
Dodging        | 3 |  3.0

Action                   |  1- 3 |  4- 6 || total
-------------------------+-------+-------++-------
 Fire: Shortbow          |    52 |   167 ||   219
  Use: Scroll            |     1 |     4 ||     5
Armor: Robe              |     1 |     6 ||     7
Dodge: Dodged            |    11 |    47 ||    58

Table legend: (Time is in decaauts)
 A = Elapsed time spent in this place.
 B = Non-inter-level travel time spent in this place.
 C = Inter-level travel time spent in this place.
 D = Time resting spent in this place.
 E = Time spent auto-exploring this place.
 F = Levels seen in this place.
 G = Mean time per level.
                   A        B        C        D        E       F      G
               +--------+--------+--------+--------+--------+-----+--------+
         Total |   2305 |   2263 |     42 |    489 |   1128 |   4 |  576.2 |
       Dungeon |   2305 |   2263 |     42 |    489 |   1128 |   4 |  576.2 |
               +--------+--------+--------+--------+--------+-----+--------+

Top non-repeatable levels by time:
     D:1: 980 daAuts
     D:2: 625 daAuts
     D:3: 505 daAuts
     D:4: 194 daAuts
